 Dungeon Crawl Stone Soup version 0.23-a0-550-g7de1f8e (webtiles) character file.

64 Lavandula the Cutter (level 4, -2/27 HPs)
             Began as a Halfling Enchanter on Dec 9, 2018.
             Slain by Sigmund
             ... wielding a +1 scythe of slicing
              (3 damage)
             ... on level 4 of the Dungeon.
             The game lasted 00:03:00 (568 turns).

Lavandula the Cutter (Halfling Enchanter)            Turns: 568, Time: 00:03:01

Health: -2/27      AC:  2    Str:  9    XL:     4   Next: 32%
Magic:  4/6        EV: 15    Int: 14    God:
Gold:   33         SH:  0    Dex: 14    Spells: 3/6 levels left

rFire    . . .     SeeInvis .   a - +1 dagger
rCold    . . .     Gourm    .   (shield restricted)
rNeg     . . .     Faith    .   b - +0 robe
rPois    .         Spirit   .   (no helmet)
rElec    .         Reflect  .   (no cloak)
rCorr    .         Harm     .   (no gloves)
MR       .....                  (no boots)
Stlth    ++........             (no amulet)
HPRegen  0.09/turn              (no ring)
MPRegen  0.10/turn              (no ring)

@: no status effects
A: small, mutation resistance 1
a: no special abilities


You were on level 4 of the Dungeon.
You were not hungry.

You visited 1 branch of the dungeon, and saw 4 of its levels.

You collected 33 gold pieces.

Inventory:

Hand Weapons
 a - a +1 dagger (weapon)
 g - a +0 long sword
Armour
 b - a +0 robe (worn)
Scrolls
 c - 2 scrolls of teleportation
 e - a scroll of magic mapping {unknown}
 h - a scroll of identify {unknown}
Potions
 f - a potion of invisibility {unknown}
Comestibles
 d - 3 rations


   Skills:
 + Level 4.7 Short Blades
 - Level 2.1 Dodging
 - Level 3.2 Stealth
 - Level 1.5 Spellcasting
 - Level 2.4 Hexes


You had 3 spell levels left.
You knew the following spells:

 Your Spells              Type           Power        Failure   Level  Hunger
a - Corona                Hex            #......      10%         1    ##.....
b - Ensorcelled Hibernat  Hex/Ice        #.....       22%         2    ###....

Your spell library contained the following spells:

 Spells                   Type           Power        Failure   Level  Hunger
 Confuse                  Hex            #.......     28%         3    ####...
 Tukima's Dance           Hex            #.......     28%         3    ####...
 Dazzling Spray           Conj/Hex       #.....       41%         3    ####...


Dungeon Overview and Level Annotations

Branches:
Dungeon (4/15)
 Temple: D:4-7

Altars:
Qazlal

Annotations:
D:4 Sigmund


Innate Abilities, Weirdness & Mutations

You are small and have problems with some larger weapons.
You are somewhat resistant to further mutation.


Message History

You climb upwards.
The gnoll shouts!
An adder comes into view.
A gnoll comes into view. x2
Found a scroll labeled ZATTUI GOOHOSS and 16 sling bullets.
There is a stone staircase leading down here.
You climb downwards.
There is a stone staircase leading up here.
Found a scroll labeled FIASIGE KARIEW.
Sigmund the Dreaded comes into view.
He is wielding a +1 scythe of slicing and
Okay, then.
Sigmund shouts!
Sigmund hits you from afar with a +1 scythe of slicing!
Cast which spell? (? or * to list)
Aiming: Ensorcelled Hibernation (safe; 22% risk of failure)
Press: ? - help, Shift-Dir - straight line, f - Sigmund
Aim: Sigmund, wielding a +1 scythe of slicing and wearing a +2 robe of magic Sigmund resists with almost no effort.
Sigmund hits you from afar with a +1 scythe of slicing!
* * * LOW HITPOINT WARNING * * *
You die...

###.##...<...#
#. #.....###
#.##....###
#....##...#
###.....#.#
###
#.##....#...
#.##..###.#.#
..##........#
#[8##.##@#.###
#####.#.....#
#.....@?#
#.#####.# #..
.. .# ####.# #
#....# #....#
#....#


You could see Sigmund.

Vanquished Creatures
  An orc priest (D:3)
  A hound skeleton (D:4)
  An orc (D:3)
  A bat (D:3)
  3 giant cockroaches
  2 goblins
  4 hobgoblins
  A kobold (D:3)
  A frilled lizard (D:3)
  3 rats
18 creatures vanquished.

Notes
Turn   | Place    | Note
-------+----------+-------------------------------------------
     0 | D:1      | Lavandula the Halfling Enchanter began the quest for the
                  | Orb.
     0 | D:1      | Reached XP level 1. HP: 11/11 MP: 3/3
    75 | D:2      | Reached skill level 2 in Short Blades
   108 | D:2      | Reached XP level 2. HP: 9/17 MP: 1/4
   217 | D:2      | Learned a level 2 spell: Ensorcelled Hibernation
   260 | D:3      | Reached skill level 4 in Short Blades
   260 | D:3      | Reached XP level 3. HP: 17/21 MP: 5/5
   452 | D:3      | Reached XP level 4. HP: 26/27 MP: 1/6
   508 | D:4      | Found a stormy altar of Qazlal.
   564 | D:4      | Noticed Sigmund
   568 | D:4      | HP: 1/27 [Sigmund/+1 scythe of slicing (10)]
   568 | D:4      | Slain by Sigmund

Vault maps used:
D:1:      shiori_arrival_maze
D:2:      kennysheep_big_flooded_room, minmay_misc_feat_doors,
          minmay_misc_feat_square, yredelemnul_altar_generic, uniq_robin
D:3:      lemuel_round_altar, first_ration
D:4:      wad_river_or_something, grunt_qazlal_clouds, uniq_natasha,
          uniq_sigmund

Skill      XL: |  1  2 |
---------------+-------+-----
Short Blades   | 2 4 |  4.7
Dodging        | |  2.1
Stealth        | |  3.2
Spellcasting   | |  1.5
Hexes          | |  2.4

Action                   |  1- 3 |  4- 6 || total
-------------------------+-------+-------++-------
Melee: Dagger            |    62 |    14 ||    76
 Cast: Corona            |     3 |       ||     3
       Ensorcelled Hiber |     3 |     2 ||     5
  Use: Scroll            |     1 |       ||     1
 Stab: Sleeping          |     4 |     1 ||     5
Armor: Robe              |    12 |     2 ||    14
Dodge: Dodged            |    42 |     8 ||    50

Table legend:
 A = Non-vault XP
 B = Vault XP
 C = Vault XP percentage of total XP
 D = Non-vault monster count
 E = Vault monster count
 F = Vault count percentage of total count
                 A         B        C        D         E       F
            +---------+---------+-------+---------+---------+-------
      Total |      89 |       3 |   3.3 |      16 |       2 |  11.1
            +---------+---------+-------+---------+---------+-------
        D:1 |       4 |       0 |   0.0 |       2 |       0 |   0.0
        D:2 |       5 |       3 |  37.5 |       3 |       2 |  40.0
        D:3 |      60 |       0 |   0.0 |      10 |       0 |   0.0
        D:4 |      20 |       0 |   0.0 |       1 |       0 |   0.0
            +---------+---------+-------+---------+---------+-------
